 Dungeon Crawl Stone Soup version 0.22-a0-825-ga28c36f (webtiles) character file.

496 iamserjio the Ruffian (level 6, 0/53 HPs)
             Began as a Draconian Monk on July 24, 2018.
             Slain by a wight
             ... wielding a +1 scimitar
              (6 damage)
             ... on level 6 of the Dungeon.
             The game lasted 00:16:13 (2284 turns).

iamserjio the Ruffian (Draconian Monk)              Turns: 2284, Time: 00:16:14

Health: 0/53       AC:  7    Str: 14    XL:     6   Next: 93%
Magic:  6/6        EV: 12    Int: 12    God:
Gold:   232        SH:  0    Dex: 13    Spells: 5/5 levels left

rFire    . . .     SeeInvis +     - Unarmed
rCold    . . .     Gourm    .   (no shield)
rNeg     . . .     Faith    .   (armour unavailable)
rPois    .         Spirit   .   (helmet restricted)
rElec    .         Reflect  .   c - scarf {cloud immunity}
rCorr    .         Harm     .   r - +0 pair of gloves
MR       .....     Clarity  +   (no boots)
Stlth    ++........             (no amulet)
HPRegen  0.17/turn              (no ring)
MPRegen  0.10/turn              (no ring)

@: drained
A: unfitting armour, see invisible, blink, clarity, cold-blooded, AC +6
a: Blink


You were on level 6 of the Dungeon.
You were not hungry.

You visited 1 branch of the dungeon, and saw 6 of its levels.

You collected 232 gold pieces.

Inventory:

Hand Weapons
 b - a +0 short sword
 i - a +0 spear
 m - a +3 short sword of draining
Missiles
 d - 90 stones (quivered)
 j - 41 arrows
Armour
 c - a scarf of cloud immunity (worn)
 r - a +0 pair of gloves (worn)
Jewellery
 f - an uncursed ring of fire
 t - an uncursed ring of fire
Wands
 o - a wand of scattershot (7)
Scrolls
 g - a scroll of enchant weapon
 h - 2 scrolls of teleportation
 k - a scroll of random uselessness
 n - a scroll of remove curse {unknown}
 q - a scroll of blinking {unknown}
 s - 2 scrolls of magic mapping {unknown}
 v - a scroll of noise
Potions
 e - a potion of cancellation
 l - 2 potions of magic
 p - a potion of invisibility
 w - a potion of haste
Comestibles
 a - 13 rations
 u - 3 chunks of flesh


   Skills:
 + Level 4.4(4.0) Fighting
 - Level 2.6(2.3) Dodging
 - Level 2.0(1.6) Stealth
 + Level 7.3(6.9) Unarmed Combat


You had 5 spell levels left.
You didn't know any spells.
Your spell library contained the following spells:

 Spells                   Type           Power        Failure   Level  Hunger
 Magic Dart               Conj           #...         32%         1    ##.....
 Conjure Flame            Conj/Fire      #.......     69%         3    ####...
 Slow                     Hex            #.......     45%         2    ###....
 Mephitic Cloud           Conj/Pois/Air  #.......     69%         3    ####...
 Blink                    Tloc           N/A          45%         2    ###....
 Call Imp                 Summ           #.......     45%         2    ###....


Dungeon Overview and Level Annotations

Branches:
Dungeon (6/15)
 Temple: D:4-7

Altars:
Okawaru
Uskayaw
Vehumet

Annotations:
D:5 Edmund


Innate Abilities, Weirdness & Mutations

Your plain brown scales are hard. (AC +6)
You cannot fit into any form of body armour.
You are cold-blooded and may be slowed by cold attacks.
You have supernaturally acute eyesight. (SInv)
You can translocate small distances at will.
You possess an exceptional clarity of mind.


Message History

The adder barely misses you.
You hit the adder but do no damage.
The adder is heavily wounded.
The adder misses you.
You punch the adder!
You kill the adder!
You barely miss the wight.
The wight hits you with an enchanted scimitar!
* * * LOW HITPOINT WARNING * * *
You feel drained.
* * * LOW HITPOINT WARNING * * *
You hit the wight.
The wight is lightly damaged.
You hit the wight.
The wight is lightly damaged.
The wight closely misses you.
You hit the wight but do no damage.
The wight is lightly damaged.
The wight hits you with an enchanted scimitar.
You die...

#.# #.# #.# #.########
#z######........##
#.#...)...........
#.#.####....>...## #.#.#
#.###..#.#
.#######.#.####.###..#.##
......†.z.....#..........
########@#.##....##..#...
#...#.# ##.###..#.##
#.### # #.# #...... #.
#..###. # #.## ## ... #
... # .


You could see 2 wights.

Vanquished Creatures
  An ogre (D:5)
  A wight (D:6)
  A crimson imp (D:5)
  An orc priest (D:5)
  A jelly (D:5)
  A hound (D:5)
  2 iguanas
  A worker ant (D:5)
  6 adders
  An ooze (D:2)
  An adder skeleton (D:5)
  2 dart slugs
  4 leopard geckos
  7 orcs
  8 giant cockroaches
  6 goblins
  7 hobgoblins
  15 jackals
  3 quokkas
  5 bats
  4 frilled lizards
  A jackal skeleton (D:4)
  7 kobolds
  A leopard gecko skeleton (D:5)
  7 rats
94 creatures vanquished.

Vanquished Creatures (others)
  A bat (D:3)
1 creature vanquished.

Grand Total: 95 creatures vanquished

Notes
Turn   | Place    | Note
-------+----------+-------------------------------------------
     0 | D:1      | iamserjio the Draconian Monk began the quest for the Orb.
     0 | D:1      | Reached XP level 1. HP: 19/19 MP: 1/1
   136 | D:1      | Reached XP level 2. HP: 16/26 MP: 2/2
   272 | D:1      | Reached skill level 4 in Unarmed Combat
   420 | D:2      | HP: 1/26 [leopard gecko (1)]
   424 | D:2      | Reached XP level 3. HP: 7/31 MP: 3/3
   437 | D:2      | Found an iron altar of Okawaru.
   810 | D:3      | Found a hide-covered altar of Uskayaw.
   832 | D:3      | Reached XP level 4. HP: 14/38 MP: 4/4
   981 | D:3      | Reached skill level 5 in Unarmed Combat
  1009 | D:3      | Found a radiant altar of Vehumet.
  1575 | D:5      | Entered Level 5 of the Dungeon
  1597 | D:5      | Noticed an ogre
  1609 | D:5      | Killed an ogre
  1609 | D:5      | Reached skill level 6 in Unarmed Combat
  1609 | D:5      | Reached XP level 5. HP: 11/45 MP: 5/5
  1663 | D:5      | Reached XP level 6. HP: 12/51 MP: 6/6
  1777 | D:5      | Gained mutation: You have supernaturally acute eyesight. (SInv) [potion of mutation]
  1777 | D:5      | Gained mutation: You can translocate small distances at will. [potion of mutation]
  1777 | D:5      | Gained mutation: You possess an exceptional clarity of mind. [potion of mutation]
  1782 | D:5      | Reached skill level 7 in Unarmed Combat
  1823 | D:5      | Noticed Edmund
  2056 | D:5      | HP: 3/78 [poisoned by a worker ant]
  2063 | D:5      | HP: 2/78 [poisoned by a worker ant]
  2068 | D:5      | HP: 2/78 [poisoned by a worker ant]
  2074 | D:5      | HP: 2/78 [poisoned by a worker ant]
  2081 | D:5      | HP: 2/78 [poisoned by a worker ant]
  2087 | D:5      | HP: 1/78 [poisoned by a worker ant]
  2094 | D:5      | HP: 1/78 [poisoned by a worker ant]
  2284 | D:6      | Slain by a wight

Vault maps used:
D:1:      dpeg_arrival_castle, minmay_door_square, minivault_14,
          minmay_pentomino_x2
D:2:      interstate_on_off, okawaru_metal_pillars_1_2
D:3:      fiery_altar_vehumet, eat_drink_and_be_merry_uskayaw, first_ration,
          kennysheep_generic_room_4
D:5:      kennysheep_path_1, kennysheep_decorative_pillar,
          minmay_splitting_lines, palyth_stone_intersect,
          minmay_tree_intersection, minmay_statues_item, uniq_edmund
D:6:      kennysheep_mini, gammafunk_ghost_grave

Skill      XL: |  1  2  3  4  5  6 |
---------------+-------------------+-----
Unarmed Combat | 4 6 7 |  7.3
Stealth        | 2 |  2.0
Fighting       | 4 |  4.4
Dodging        | |  2.6

Action                   |  1- 3 |  4- 6 || total
-------------------------+-------+-------++-------
Melee: Unarmed           |   159 |   210 ||   369
       Tailslap          |    12 |    33 ||    45
       Punch             |       |     4 ||     4
Throw: Stone             |       |     1 ||     1
       Throwing net      |       |     1 ||     1
  Use: Potion            |     5 |     7 ||    12
       Scroll            |       |     5 ||     5
 Stab: Sleeping          |     1 |     2 ||     3
       Held in net/web   |       |     1 ||     1
  Eat: Chunk             |       |     5 ||     5
Armor: Skin              |    44 |    51 ||    95
Dodge: Dodged            |   110 |   131 ||   241

Table legend:
 A = Spawn XP
 B = Non-spawn XP
 C = Spawn XP percentage of total XP
 D = Spawn monster count
 E = Non-spawn monster count
 F = Spawn count percentage of total count
 G = Total turns spent on level
                    A         B        C        D         E        F      G
               +---------+---------+-------+---------+---------+-------+---------
         Total |       0 |     709 |   0.0 |       0 |      94 |   0.0 |  2284
               +---------+---------+-------+---------+---------+-------+---------
           D:1 |       0 |      32 |   0.0 |       0 |      20 |   0.0 |   331
           D:2 |       0 |      37 |   0.0 |       0 |      17 |   0.0 |   371
           D:3 |       0 |      60 |   0.0 |       0 |      21 |   0.0 |   388
           D:4 |       0 |      55 |   0.0 |       0 |       5 |   0.0 |   485
           D:5 |       0 |     449 |   0.0 |       0 |      27 |   0.0 |   630
           D:6 |       0 |      76 |   0.0 |       0 |       4 |   0.0 |    79
               +---------+---------+-------+---------+---------+-------+---------
